 Dungeon Crawl Stone Soup version 0.21-a0-223-g812f45e (webtiles) character file.

10675 Jeffwins the Carver (level 11, -1/74 HPs)
             Began as an Octopode Fighter on Aug 28, 2017.
             Was a High Priest of Dithmenos.
             Slain by an acid dragon (6 damage)
             ... on level 12 of the Dungeon.
             The game lasted 00:26:44 (13733 turns).

Jeffwins the Carver (Octopode Fighter)             Turns: 13733, Time: 00:26:44

Health: -1/74      AC: -7    Str: 15    XL:     11   Next: 65%
Magic:  11/11      EV: 19    Int: 12    God:    Dithmenos [*****.]
Gold:   672        SH: 12    Dex: 16    Spells: 10/10 levels left

rFire    + . .     SeeInvis +   a - +1 long sword
rCold    . . .     Gourm    +   b - +1 shield
rNeg     . . .     Faith    .   (helmet restricted)
rPois    .         Spirit   .   D - amulet of the gourmand
rElec    .         Reflect  .   e - ring of see invisible
rCorr    .         Harm     .   C - ring of protection from fire
MR       .....                  (no ring)
Stlth    ++++......             (no ring)
HPRegen  0.22/turn              (no ring)
MPRegen  0.12/turn              (no ring)
                                (no ring)
                                (no ring)

@: corroded, hasted, wreathed by umbra, very quick
A: almost no armour, stealthy swim, amphibious, 8 rings, constrict 8, camouflage
1, blurry vision 1, clever 1, gelatinous body 1
a: Shadow Step, Shadow Form, Renounce Religion


You were on level 12 of the Dungeon.
You worshipped Dithmenos.
Dithmenos was extremely pleased with you.
You were very full.

You visited 2 branches of the dungeon, and saw 14 of its levels.
You also visited: Bailey.

You collected 672 gold pieces.

Inventory:

Hand Weapons
 a - a +1 long sword (weapon)
 h - a +1 dagger of protection
 o - a +0 hand crossbow
Missiles
 u - 57 bolts
 H - 33 tomahawks of returning (quivered)
Armour
 b - a +1 shield (worn)
 F - a +2 buckler
Jewellery
 e - a ring of see invisible (left tentacle)
 r - an uncursed ring of flight
 s - an uncursed ring of wizardry
 z - an uncursed ring of ice
 C - a ring of protection from fire (right tentacle)
 D - an amulet of the gourmand (around mantle)
Wands
 c - a wand of polymorph (19/24)
 l - a wand of confusion (1/48)
 E - a wand of confusion (26/48)
 I - a wand of confusion (29/48)
 J - a wand of digging (7/24)
Scrolls
 f - a scroll of enchant armour
 i - a scroll of identify
 m - 3 scrolls of enchant weapon
 p - 2 scrolls of fog
 q - 4 scrolls of recharging
 t - 2 scrolls of teleportation
 v - 2 scrolls of amnesia
 w - a scroll of blinking
 y - 5 scrolls of remove curse
 A - 4 scrolls of fear
 B - 4 scrolls of torment
Potions
 x - 4 potions of curing
 G - a potion of brilliance
Comestibles
 d - 8 bread rations
 g - 16 fruits
 j - 7 meat rations
 n - 13 royal jellies


   Skills:
 + Level 6.6 Fighting
 * Level 12.0 Long Blades
 + Level 9.3 Dodging
 + Level 9.2 Shields


You had 10 spell levels left.
You didn't know any spells.

Dungeon Overview and Level Annotations

Branches:
Dungeon (13/15)            Temple (1/1) D:4            Lair (0/6) D:9
 Vaults (0/5) D:13
    Orc: D:9-12

Altars:
Ashenzari
Cheibriados
Dithmenos
Elyvilon
Fedhas
Gozag
Hepliaklqana
Kikubaaqudgha
Makhleb
Nemelex Xobeh
Okawaru
Qazlal
Ru
Sif Muna
Trog
Uskayaw
Vehumet
Wu Jian
Xom
Yredelemnul
Zin
The Shining One

Shops:
D:4 (


Innate Abilities, Weirdness & Mutations

You cannot wear most types of armour.
You are very stealthy in the water. (Stealth+)
You are amphibious.
You can wear up to eight rings at the same time.
You can use your tentacles to constrict eight enemies at once.
Your skin changes colour to match your surroundings (Stealth+).
Your rubbery body absorbs attacks. (AC +1, EV +1)
Scrolls take you a little longer to read.
Your mind is acute. (Int +2)


Message History

The acid dragon spits acid at you. The splash of acid hits you!
The acid corrodes you!
You are splashed with acid!
The acid burns!
You hit the acid dragon but do no damage.
You squeeze the acid dragon.
The acid dragon is heavily wounded.
Unknown command.
You hit the acid dragon.
The acid dragon is severely wounded.
The acid dragon misses you. The acid dragon claws you.
Unknown command.
You hit the acid dragon but do no damage.
The acid dragon is severely wounded.
The acid dragon spits acid at you. The splash of acid hits you!
* * * LOW HITPOINT WARNING * * *
The acid corrodes you!
You are splashed with acid!
The acid burns!
* * * LOW HITPOINT WARNING * * *
You feel yourself speed up. The acid dragon bites you.
You die...

#.# #.# #.# ##########.####
#.............#### #########
##................###........
#............................
#.....................<......
#...........@D...............
#....######..................
#....# #...###############
#....# #...# #....# #...#
#..(.# #...# #....# #...#
#....# #...# #....######...


You could see an acid dragon.

Vanquished Creatures
  A two-headed ogre (D:9)
  Pikel (D:9)
  A guardian serpent (D:12)
  A gargoyle (D:5)
  A hornet (D:9)
  Prince Ribbit (D:5)
  Grinder (D:4)
  2 hippogriffs (D:7)
  5 slime creatures
  8 yaks
  Grum (D:8)
  2 soldier ants (D:9)
  Duvessa (D:7)
  A water moccasin (D:5)
  5 orc warriors
  3 ice beasts
  2 sky beasts
  An eye of draining (D:12)
  2 phantoms
  A necrophage (D:8)
  8 centaurs
  5 wolves (D:8)
  3 ogres
  2 big kobolds
  4 bullfrogs
  Dowan (D:7)
  7 scorpions
  6 killer bees (D:9)
  5 wights (D:8)
  3 howler monkeys
  6 crimson imps
  8 hounds
  4 centaur skeletons
  A centaur zombie (D:5)
  A bullfrog zombie (D:9)
  3 orc priests
  A bullfrog skeleton (D:10)
  5 jellies
  2 orc wizards
  5 iguanas
  7 worker ants
  2 bullfrog simulacra (D:8)
  2 hound zombies (D:5)
  3 worker ant zombies
  A howler monkey zombie (D:5)
  14 adders
  A gnoll (Bailey)
  2 shadow imps
  A white imp (D:8)
  2 oozes
  4 ufetubi (D:8)
  An adder zombie (D:7)
  2 adder skeletons
  2 worms
  An adder simulacrum (D:8)
  9 dart slugs
  8 leopard geckos
  28 orcs
  5 bats
  7 giant cockroaches
  9 goblins
  9 hobgoblins
  6 jackals
  29 kobolds
  10 quokkas
  A ball python (D:1)
  3 frilled lizards
  A giant cockroach zombie (D:6)
  A quokka skeleton (D:6)
  5 rats
297 creatures vanquished.

Vanquished Creatures (others)
  A yak (D:9)
  An orc warrior (D:8)
  3 slaves (D:9)
  4 toadstools (D:1)
9 creatures vanquished.

Grand Total: 306 creatures vanquished

Notes
Turn   | Place    | Note
-------+----------+-------------------------------------------
     0 | D:1      | Jeffwins the Octopode Fighter began the quest for the Orb.
     0 | D:1      | Reached XP level 1. HP: 16/16 MP: 1/1
    37 | D:1      | Reached XP level 2. HP: 17/21 MP: 2/2
   300 | D:1      | Reached XP level 3. HP: 24/26 MP: 3/3
   822 | D:2      | Found a bloodstained altar of Trog.
   828 | D:2      | Reached skill level 3 in Long Blades
  1057 | D:2      | Reached XP level 4. HP: 27/31 MP: 4/4
  1258 | D:2      | Found a blossoming altar of Fedhas.
  1259 | D:2      | Found a shimmering altar of Xom.
  1260 | D:2      | Found a shadowy altar of Dithmenos.
  1260 | D:2      | Found a shattered altar of Ashenzari.
  1311 | D:2      | Became a worshipper of Dithmenos the Shadowed
  2030 | D:3      | Reached XP level 5. HP: 34/37 MP: 5/5
  2308 | D:4      | Reached * piety under Dithmenos
  2434 | D:4      | Found a hazy altar of Hepliaklqana.
  2458 | D:4      | Found Qaujil's Antique Weapon Boutique.
  2463 | D:4      | Reached skill level 4 in Long Blades
  2463 | D:4      | Reached XP level 6. HP: 43/43 MP: 6/6
  2760 | D:4      | Found a radiant altar of Vehumet.
  2764 | D:4      | Noticed Grinder
  2776 | D:4      | Killed Grinder
  2776 | D:4      | Reached skill level 5 in Long Blades
  2776 | D:4      | Reached XP level 7. HP: 30/47 MP: 7/7
  2925 | D:4      | Found a staircase to the Ecumenical Temple.
  2950 | D:4      | Found an ornate altar of the Wu Jian Council.
  3154 | Temple   | Entered the Ecumenical Temple
  3310 | D:5      | Entered Level 5 of the Dungeon
  3611 | D:5      | Reached skill level 5 in Dodging
  3835 | D:5      | Reached skill level 5 in Shields
  3907 | D:5      | Noticed Prince Ribbit
  3919 | D:5      | Killed Prince Ribbit
  3919 | D:5      | Reached skill level 6 in Long Blades
  3919 | D:5      | Reached XP level 8. HP: 24/54 MP: 8/8
  4225 | D:5      | Reached skill level 7 in Long Blades
  4518 | D:5      | Reached ** piety under Dithmenos
  5037 | D:5      | Noticed a gargoyle
  5054 | D:5      | Killed a gargoyle
  5054 | D:5      | Reached skill level 8 in Long Blades
  5054 | D:5      | Reached XP level 9. HP: 44/58 MP: 9/9
  5615 | D:6      | Found a bloodstained altar of Trog.
  5631 | D:6      | Found an iron altar of Okawaru.
  6416 | D:6      | Reached skill level 9 in Long Blades
  6682 | D:7      | Found a glowing silver altar of Zin.
  6731 | D:7      | Noticed Dowan
  6734 | D:7      | Noticed Duvessa
  6793 | D:7      | Gained mutation: Scrolls take you a little longer to read. [potion of mutation]
  6793 | D:7      | Gained mutation: Your mind is acute. (Int +2) [potion of mutation]
  6813 | D:7      | Killed Duvessa
  6834 | D:7      | Killed Dowan
  7120 | D:7      | Reached XP level 10. HP: 27/63 MP: 10/10
  7593 | D:8      | Reached skill level 10 in Long Blades
  7663 | D:7      | Reached *** piety under Dithmenos
  8110 | D:8      | Noticed a death yak
  8521 | D:8      | Noticed Grum
  8606 | D:8      | Killed Grum
  9772 | D:9      | Reached skill level 5 in Fighting
 10091 | D:9      | Noticed Pikel
 10101 | D:9      | Killed Pikel
 10101 | D:9      | Reached **** piety under Dithmenos
 10213 | D:9      | Reached skill level 11 in Long Blades
 10373 | D:9      | Reached XP level 11. HP: 31/72 MP: 11/11
 10624 | D:9      | Found a staircase to the Lair.
 10652 | D:9      | Noticed a two-headed ogre
 11355 | D:9      | Noticed a two-headed ogre
 12386 | D:10     | Entered Level 10 of the Dungeon
 12463 | D:9      | Killed a two-headed ogre
 12840 | D:10     | You fall through a shaft for 3 floors!
 12840 | D:13     | Found a gate to the Vaults.
 12840 | D:13     | Noticed a vault guard
 12840 | D:13     | Noticed a vault guard
 12840 | D:13     | Noticed a vault guard
 12840 | D:13     | Noticed a vault guard
 12840 | D:13     | Noticed a cyclops
 13148 | D:12     | Found a flagged portal.
 13159 | D:12     | Reached ***** piety under Dithmenos
 13173 | Bailey   | Entered a bailey
 13497 | Bailey   | Found an iron altar of Okawaru.
 13513 | Bailey   | Reached skill level 12 in Long Blades
 13696 | D:11     | Noticed an unseen horror
 13698 | D:11     | Noticed a manticore
 13733 | D:12     | Slain by an acid dragon

Vault maps used:
D:1:      ldierk_walled_garden_2
D:2:      grunt_temple_overflow_open, overflow_temple_1_default
D:3:      kennysheep_slugbush, first_bread, minmay_misc_feat_four_crosses
D:4:      gammafunk_temple_overflow_forgotten, minmay_temple_entry_fiery,
          serial_shops, shop, uniq_grinder
D:5:      kennysheep_windowed_halls, abandoned_shop, uniq_prince_ribbit1
D:6:      okawaru_ov_weapons_minmay, trog_three_pillars_becter
D:7:      old_standard_altar, uniq_duvessa
D:8:      kennysheep_spiral_hall, serial_ice, serial_ice_d, serial_ice_j,
          serial_ice_a, serial_ice_g, serial_ice_f, serial_ice_b, serial_ice_e,
          minmay_nine_imps, uniq_grum
D:9:      lair_entry_dummy, hangedman_pestilent_swarm, uniq_pikel
D:11:     orc_0_dummy, hangedman_decor_growths
D:12:     nrook_guardian_serpent_snake_passage, enter_bailey_2, st_stairs_12
D:13:     kennysheep_bubbly, lightli_vaults_fourway_checkpoint,
          kennysheep_small_spiral, uniq_rupert
Temple:   nicolae_temple_hex_pool
Bailey:   bailey_axe_3, bailey

Skill      XL: |  1  2  3  4  5  6  7  8  9 10 11 |
---------------+----------------------------------+-----
Long Blades    | 3 4 5 6 8 9 11 12 | 12.0
Dodging        | 4 5 6 7 8 9 |  9.3
Shields        | 4 5 6 7 8 9 |  9.2
Fighting       | 5 6 |  6.6

Action                   |  1- 3 |  4- 6 |  7- 9 | 10-12 || total
-------------------------+-------+-------+-------+-------++-------
Melee: Long sword        |    67 |    54 |   310 |   510 ||   941
       Constrict         |    18 |    19 |    49 |    87 ||   173
       Tentacles         |     8 |    17 |    71 |   151 ||   247
       Falchion          |       |       |     5 |       ||     5
Throw: Tomahawk          |       |       |       |     6 ||     6
Evoke: Wand              |       |       |       |     1 ||     1
  Use: Potion            |       |     1 |     7 |     8 ||    16
       Scroll            |       |       |    13 |     5 ||    18
 Stab: Sleeping          |     7 |     5 |    10 |    10 ||    32
       Distracted        |     1 |       |     2 |       ||     3
       Invisible         |       |       |       |     6 ||     6
  Eat: Chunk             |       |     6 |    11 |    33 ||    50
       Fruit             |       |       |     4 |       ||     4
Armor: Skin              |     5 |       |    23 |     2 ||    30
Dodge: Dodged            |    20 |    29 |   162 |   272 ||   483
Block: Shield            |    19 |    23 |   133 |   284 ||   459
       Rpst.: Long sword |     5 |     9 |    43 |    67 ||   124
       Falchion          |       |       |     2 |       ||     2

Table legend:
 A = Spawn XP
 B = Non-spawn XP
 C = Spawn XP percentage of total XP
 D = Spawn monster count
 E = Non-spawn monster count
 F = Spawn count percentage of total count
 G = Total turns spent on level
                    A         B        C        D         E        F      G
               +---------+---------+-------+---------+---------+-------+---------
         Total |    1975 |   13276 |  12.9 |      40 |     258 |  13.4 | 13733
               +---------+---------+-------+---------+---------+-------+---------
           D:1 |      11 |      54 |  16.9 |       3 |      28 |   9.7 |   799
           D:2 |      15 |      27 |  35.7 |       2 |      14 |  12.5 |   705
           D:3 |       4 |      58 |   6.5 |       2 |      16 |  11.1 |   752
           D:4 |      29 |     605 |   4.6 |       3 |      12 |  20.0 |  1057
           D:5 |     521 |    1563 |  25.0 |      10 |      30 |  25.0 |  2068
           D:6 |     249 |     340 |  42.3 |       3 |      12 |  20.0 |  1044
           D:7 |     799 |     688 |  53.7 |       9 |      12 |  42.9 |  1202
           D:8 |     194 |    2890 |   6.3 |       4 |      53 |   7.0 |  2405
           D:9 |     153 |    5053 |   2.9 |       4 |      37 |   9.8 |  2426
          D:10 |       0 |     332 |   0.0 |       0 |       9 |   0.0 |   307
          D:12 |       0 |    1234 |   0.0 |       0 |      19 |   0.0 |   397
        Bailey |       0 |     432 |   0.0 |       0 |      16 |   0.0 |   395
               +---------+---------+-------+---------+---------+-------+---------
